 Dungeon Crawl Stone Soup version 0.20-a0-870-g4070442 (webtiles) character file.

588 4thArraOfDagon the Chopper (level 7, 0/93 HPs)
             Began as a Minotaur Chaos Knight on Mar 13, 2017.
             Slain by nht's ghost (1 damage)
             ... on level 5 of the Dungeon.
             The game lasted 00:03:02 (742 turns).

4thArraOfDagon the Chopper (Minotaur Chaos Knight)   Turns: 742, Time: 00:03:03

Health: 0/93       AC: 23    Str: 21    XL:     7   Next: 15%
Magic:  6/6        EV:  2    Int: 11    God:    Xom [......]
Gold:   88         SH:  0    Dex: 10    Spells: 6/6 levels left

rFire    . . .     SeeInvis .   a - +0 hand axe (chaos)
rCold    . . .     Gourm    .   (armour currently unavailable)
rNeg     + + +     Faith    .   (no shield)
rPois    +         Spirit   .   (helmet currently unavailable)
rElec    .         Reflect  .   (cloak currently unavailable)
rCorr    .         Harm     .   (gloves currently unavailable)
MR       .....     NoTele   +   (boots currently unavailable)
Stlth    +.........             (no amulet)
Regen    0.3/turn               (no ring)
MPRegen  0.1/turn               (no ring)

@: mighty, lethally poisoned (0 -> -4), tree-form, very slightly contaminated
A: (retaliatory headbutt), (horns 0)
a: Renounce Religion


You were on level 5 of the Dungeon.
You worshipped Xom.
You were a very special plaything of Xom.
You were not hungry.
You were a tree.
You visited 1 branch of the dungeon, and saw 5 of its levels.

You collected 88 gold pieces.

Inventory:

Hand Weapons
 a - a +0 hand axe of chaos (weapon)
Armour
 b - a +2 leather armour
 d - a +0 ring mail (melded)
Scrolls
 e - 2 scrolls of identify {unknown}
Comestibles
 c - 3 bread rations


   Skills:
 + Level 5.7 Fighting
 * Level 6.6 Axes
 + Level 4.6 Armour
 + Level 3.9 Dodging


You had 6 spell levels left.
You didn't know any spells.

Dungeon Overview and Level Annotations

Branches:
Dungeon (5/15)
 Temple: D:4-7

Altars:
Elyvilon
Ru

Annotations:
D:5 nht's ghost, amateur DsGl


Innate Abilities, Weirdness & Mutations

((You reflexively headbutt those who attack you in melee.))
((You have a pair of horns on your head.))


Message History

Nht's ghost is almost destroyed.
You feel sick. Nht's ghost hits you.
* * * LOW HITPOINT WARNING * * *
Unknown command.
Unknown command.
Unknown command.
Unknown command.
Unknown command.
You closely miss nht's ghost.
Nht's ghost is almost destroyed.
* * * LOW HITPOINT WARNING * * *
You feel sick. Nht's ghost hits you.
* * * LOW HITPOINT WARNING * * *
Unknown command.
Unknown command.
Unknown command.
You miss nht's ghost.
Nht's ghost is almost destroyed.
Nht's ghost hits you.
You die...

.# # .#
#.#########.###
.......<..)...##
.###....)([....#
#..)####...## #
##)## .#.....
#.####.#####...####
#.W♣........#.#
######.#####.##
#.....# #.##...
#.... #...## .#.##
...# ....#


You could see nht's ghost.

Vanquished Creatures
  2 ogres
  A centaur (D:5)
  A scorpion (D:4)
  A centaur skeleton (D:4)
  2 orc priests (D:5)
  2 orc wizards (D:4)
  3 worker ants (D:4)
  A hound skeleton (D:4)
  3 adders (D:4)
  An ooze (D:3)
  A worm (D:4)
  6 orcs
  2 goblins
  2 hobgoblins
  2 kobolds
  A quokka (D:2)
  2 bats
  A rat (D:3)
34 creatures vanquished.

Vanquished Creatures (others)
  A quokka (D:4)
1 creature vanquished.

Grand Total: 35 creatures vanquished

Notes
Turn   | Place    | Note
-------+----------+-------------------------------------------
     0 | D:1      | 4thArraOfDagon the Minotaur Chaos Knight began the quest for the Orb.
     0 | D:1      | Reached XP level 1. HP: 19/19 MP: 0/0
   115 | D:2      | Reached XP level 2. HP: 26/27 MP: 1/1
   145 | D:3      | XOM: harmless Necr miscast
   174 | D:4      | Reached skill level 4 in Axes
   174 | D:4      | Reached XP level 3. HP: 28/33 MP: 2/2
   175 | D:4      | Noticed a scorpion
   205 | D:4      | Found a white marble altar of Elyvilon.
   256 | D:4      | Killed a scorpion
   256 | D:4      | Reached XP level 4. HP: 20/41 MP: 3/3
   286 | D:4      | Reached skill level 5 in Axes
   616 | D:4      | Reached XP level 5. HP: 30/47 MP: 4/4
   658 | D:4      | Noticed an ogre
   660 | D:4      | XOM: potion effect (haste)
   662 | D:4      | Found a sacrificial altar of Ru.
   667 | D:4      | XOM: potion effect (might)
   672 | D:4      | XOM: harmless Pois miscast
   674 | D:4      | Killed an ogre
   674 | D:4      | Reached skill level 5 in Fighting
   674 | D:4      | Reached XP level 6. HP: 13/56 MP: 5/5
   697 | D:4      | Reached skill level 6 in Axes
   699 | D:5      | Entered Level 5 of the Dungeon
   717 | D:5      | Reached XP level 7. HP: 44/62 MP: 6/6
   719 | D:5      | Noticed nht's ghost (amateur DsGl)
   732 | D:5      | XOM: medium Summ miscast
   733 | D:5      | Noticed an orange demon
   740 | D:5      | HP: 3/93 [nht's ghost (6)]
   741 | D:5      | HP: 1/93 [nht's ghost (1)]
   742 | D:5      | Slain by nht's ghost

Vault maps used:
D:1:      minmay_arrival_split_and_join, minmay_pentomino_o4
D:2:      grunt_temple_overflow_diamond
D:4:      elyvilon_altar_4, lemuel_doored_altar, serial_corexii_hall,
          corexii_hall_statues_i, corexii_hall_statues_deadend,
          corexii_hall_statues_l, first_bread, st_stairs_4
D:5:      basic_altar, uniq_menkaure

Skill      XL: |  1  2  3  4  5  6 |
---------------+-------------------+-----
Fighting       | 4 5 |  5.7
Axes           | 4 5 6 |  6.6
Dodging        | 2 3 |  3.9
Armour         | 3 4 |  4.6

Action                   |  1- 3 |  4- 6 |  7- 9 || total
-------------------------+-------+-------+-------++-------
Melee: Hand axe          |    32 |    64 |    15 ||   111
       Headbutt          |     5 |    10 |       ||    15
  Use: Potion            |       |     1 |     1 ||     2
Armor: Ring mail         |     9 |    13 |     2 ||    24
       Leather armour    |     1 |       |       ||     1
       Skin              |       |       |    12 ||    12
Dodge: Dodged            |    28 |    29 |     5 ||    62
